Map: Oceanborn LE

Players

Subwayeatn

  • Race: Zerg Zerg
  • League: Platinum
  • Spawn Location: 11:00

Zerglice - Winner!

  • Race: Protoss Protoss
  • League: Diamond
  • Spawn Location: 5:00

VOD

Have the link to the VOD?

Description

Time

  • Played on: Nov. 4, 2023, 5:33 p.m.
  • Length: 3:54
Show
View Real Time Build Order
Export as new Build Order

Subwayeatn Zerg 

Build Orders: Pool First 

Get SALT Encoding   

  12  0:00  Drone  
  13  0:13  Overlord  
  13  0:19  Drone  
  14  0:31  Drone x2  
  14  0:34  Drone  
  17  0:45  Drone  
  17  0:47  Extractor  
  17  0:52  Spawning Pool  
  16  1:12  Hatchery  
  15  1:22  Drone x3  
  18  1:50  Zergling x4  
  18  1:51  Queen  
  22  1:54  Metabolic Boost  
  22  1:59  Overlord  
  22  2:19  Zergling x4  
  24  2:52  Drone x6  
  28  3:08  Zergling x8  
  28  3:18  Zergling x4  
  27  3:27  Zergling x2  
  27  3:28  Zergling x2  
Show
View Real Time Build Order
Export as new Build Order

Zerglice Protoss - Winner!

Build Orders: 1 Gate Expand 

Get SALT Encoding   

  12  0:00  Probe (Chrono Boost)  
  13  0:09  Probe (Chrono Boost)  
  14  0:16  Pylon  
  14  0:21  Probe  
  15  0:36  Gateway  
  15  0:45  Gateway  
  15  0:49  Probe  
  16  0:58  Pylon  
  16  1:01  Probe  
  17  1:32  Nexus  
  17  1:36  Zealot  
  19  1:41  Zealot  
  21  2:05  Zealot (Chrono Boost)  
  21  2:07  Pylon  
  23  2:08  Zealot (Chrono Boost)  
  23  2:09  Pylon  
  24  2:29  Zealot (Chrono Boost)  
  26  2:31  Zealot (Chrono Boost)  
  28  2:42  Probe  
  29  2:54  Probe  
  30  3:07  Probe  
  31  3:23  Probe  
  21  3:35  Probe  
Tags
 
Add a new tag
Caveats
  • Supply blocks, unpowered buildings, or Contaminate may cause inaccurate times.
  • Supply counts are checked every 10 seconds.